 Dungeon Crawl Stone Soup version 0.31-a0-267-g3fc6992b3b (webtiles) character file.

Game seed: 917860933841954727

10328 qw the Skirmisher (level 11, 0/99 HPs)
             Began as a Minotaur Hexslinger on July 13, 2023.
             Was an Elder of Okawaru.
             Slain by a yak (11 damage)
             ... on level 1 of the Lair of Beasts.
             The game lasted 00:04:56 (11561 turns).

qw the Skirmisher (Minotaur Hexslinger)            Turns: 11561, Time: 00:04:57

Health: 0/99       AC:  9    Str: 12    XL:     11   Next: 34%
Magic:  12/14      EV: 16    Int: 10    God:    Okawaru [****..]
Gold:   278        SH:  5    Dex: 18    Spells: 11/12 levels left

rFire   . . .        Y - +0 orcbow (elec)
rCold   . . .        (shield currently unavailable)
rNeg    . . .        m - +0 swamp dragon scales
rPois   +            (helmet restricted)
rElec   .            (no cloak)
rCorr   .            (no gloves)
SInv    .            (no boots)
Will    .....        f - amulet of reflection
Stlth   ++           (no ring)
HPRegen 0.36/turn    (no ring)
MPRegen 0.14/turn

%: reflection
@: heroic, marked
A: horns 2, retaliatory headbutt
a: Renounce Religion, Heroism, Finesse


You were on level 1 of the Lair of Beasts.
You worshipped Okawaru.
Okawaru was greatly pleased with you.
You visited 3 branches of the dungeon, and saw 11 of its levels.

You collected 525 gold pieces.
You spent 247 gold pieces at shops.


Innate Abilities, Weirdness & Mutations

You have a pair of horns on your head.
You reflexively headbutt those who attack you in melee.


   Skills:
 - Level 10.0(15.0) Fighting
 + Level 14.5(19.5) Ranged Weapons
 - Level 4.2(9.2) Armour
 - Level 6.1(11.1) Dodging
 - Level 1.0 Spellcasting
 - Level 2.0 Hexes
 + Level 6.0 Invocations


You had 11 spell levels left.
You knew the following spells:

 Your Spells              Type           Power      Damage    Failure   Level
a - Slow                  Hex            16%        N/A       28%         1

Your spell library contained the following spells:

 Spells                   Type           Power      Damage    Failure   Level
 Inner Flame              Hex/Fire       2%         N/A       78%         3
 Portal Projectile        Hex/Tloc       4%         N/A       78%         3
 Cause Fear               Hex            2%         N/A       96%         4

Inventory:

Hand Weapons
 Y - a +0 orcbow of electrocution (weapon)
Armour
 m - +0 swamp dragon scales (worn)
Jewellery
 f - an amulet of reflection (around neck)
Wands
 h - a wand of digging (5)
Scrolls
 a - 8 scrolls of identify
Potions
 b - 3 potions of curing
 c - 3 potions of might
 d - 3 potions of resistance
 i - 3 potions of mutation
 k - a potion of enlightenment

Dungeon Overview and Level Annotations

Branches:
Dungeon (9/15)             Temple (1/1) D:5            Lair (1/5) D:9
    Orc: D:9-12

Altars:
Ashenzari
Cheibriados
Dithmenos
Elyvilon
Gozag
Hepliaklqana
Kikubaaqudgha
Makhleb
Nemelex Xobeh
Okawaru
Qazlal
Ru
Sif Muna
Trog
Uskayaw
Vehumet
Wu Jian
Xom
Yredelemnul
Zin
The Shining One

Shops:
D:4 !   D:5 :?(*[

Annotations:
D:4 2 transporters, qw's ghost, novice MiHs
D:8 3 runed translucent doors, qw's ghost, novice MiHs


Message History

You headbutt the elephant. The elephant closely misses you.
The yak gores you but does no damage. The yak gores you!
The yak barely misses you. You furiously retaliate!
You headbutt the yak!
You kill the yak!
Okawaru accepts your kill.
Your Invocations skill increases to level 6!
You shoot an arrow.
The arrow hits the elephant but does no damage.
The elephant is lightly wounded.
The yak barely misses you. The elephant tramples you!
You hold your ground!
The elephant trunk-slaps you.
A yak comes into view.
The yak gores you but does no damage.
11558 ||| INVOKING Heroism.
You gain the combat prowess of a mighty hero.
The yak closely misses you. x2; You block the yak's attack.
The elephant misses you. The elephant closely misses you.
The elephant tramples you!
You hold your ground!
The elephant trunk-slaps you but does no damage.
You shoot an arrow. The arrow hits the elephant.
The elephant is lightly wounded.
You block the elephant's attack.
The elephant trunk-slaps you but does no damage.
The elephant tramples you but does no damage.
The elephant trunk-slaps you but does no damage.
A yak comes into view.
The yak barely misses you. The yak gores you!
The yak gores you but does no damage. The yak gores you!
The yak closely misses you.
You shoot an arrow. The arrow hits the elephant.
Lightning courses through the elephant!
The elephant is moderately wounded.
You shoot an arrow.
The arrow hits the elephant but does no damage.
The elephant is moderately wounded.
The yak barely misses you. The elephant tramples you!
You hold your ground!
The elephant trunk-slaps you. The yak gores you. You block the yak's attack.
The yak completely misses you. You furiously retaliate!
You headbutt the yak! The yak gores you!
You die...

.. ..# . #. ..#
.. #. ##.
..#...
##.##..##..#P..
#..Y...........
.....YYY.......
....YYYYY......
....)YY@Y..(...
.....YYY#......
.....YY.# .....
#.......# ##.#
........# .
........#
#.#......#
>.##.....#
....##...##


You could see 6 elephants and 11 yaks.

Vanquished Creatures
  Harold (Lair:1)
  3 elephants (Lair:1)
  Maggie (D:7)
  A troll (D:9)
  Prince Ribbit (D:8)
  9 blink frogs (Lair:1)
  A shadow (D:8)
  12 yaks
  A wraith (D:9)
  2 water moccasins
  An acid dragon (D:8)
  2 ice beasts
  An orc warrior (D:7)
  2 sky beasts
  A black bear (D:4)
  3 wolves (D:9)
  4 centaurs
  2 kobold brigands (D:8)
  3 bullfrogs (Lair:1)
  17 wights
  5 killer bees (D:9)
  3 electric eels (D:9)
  8 howler monkeys
  4 crimson imps (D:4)
  5 hounds
  4 jellies
  An orc priest (D:8)
  3 iguanas
  4 orc wizards
  7 hell rats
  A mummy (D:8)
  7 gnolls
  4 adders
  3 shadow imps
  3 white imps
  5 ufetubi (D:5)
  2 worms
  3 dart slugs
  11 orcs
  11 ball pythons
  4 endoplasms
  3 giant cockroaches
  5 hobgoblins
  4 jackals
  5 quokkas
  2 bats (D:2)
  6 frilled lizards
  11 goblins
  14 kobolds
  9 rats
225 creatures vanquished.

Notes
Turn   | Place    | Note
-------+----------+-------------------------------------------
     0 | D:1      | qw the Minotaur Hexslinger began the quest for the Orb.
     0 | D:1      | Reached XP level 1. HP: 16/16 MP: 1/1
     0 | D:1      | 0 ||| qw: Version: 0.3-a-52-g30416fa
     0 | D:1      | 0 ||| qw: Game counter: 7769
     0 | D:1      | 0 ||| qw: Melee chars always use a shield: true
     0 | D:1      | 0 ||| qw: God list: Okawaru
     0 | D:1      | 0 ||| qw: Allow faded altars: false
     0 | D:1      | 0 ||| qw: Do Orc after clearing Dungeon:15 true
     0 | D:1      | 0 ||| qw: Do second Lair branch before Depths: true
     0 | D:1      | 0 ||| qw: Lair rune preference: random
     0 | D:1      | 0 ||| qw: Goals: Normal
     0 | D:1      | 0 ||| PLANNING D:1-11
   236 | D:1      | Reached skill level 3 in Ranged Weapons
   237 | D:1      | Reached XP level 2. HP: 23/23 MP: 2/2
   634 | D:1      | Reached XP level 3. HP: 29/29 MP: 3/3
   735 | D:1      | 735 ||| UPGRADING to amulet of the acrobat.
   740 | D:1      | 740 ||| READING 2 scrolls labelled YRAUNAGIOPH.
   741 | D:1      | 741 ||| READING scroll labelled FUNWOL MIZOOSCH.
   742 | D:1      | 742 ||| DROPPING scroll of poison.
  1231 | D:2      | Reached skill level 4 in Ranged Weapons
  1306 | D:2      | 1306 ||| FLEEEEING.
  1551 | D:2      | 1551 ||| UPGRADING to +0 leather armour.
  1561 | D:2      | 1561 ||| DROPPING +0 robe.
  1562 | D:2      | 1562 ||| READING scroll labelled OMODEA REKK.
  1563 | D:2      | 1563 ||| DRINKING 2 coppery potions.
  1564 | D:2      | 1564 ||| DRINKING 2 puce potions.
  1565 | D:2      | 1565 ||| READING 5 scrolls of identify.
  1565 | D:2      | 1565 ||| IDENTIFYING bubbling puce potion
  1566 | D:2      | 1566 ||| DROPPING potion of berserk rage.
  1674 | D:3      | 1674 ||| FLEEEEING.
  1759 | D:3      | Found a radiant altar of Vehumet.
  1765 | D:3      | Reached XP level 4. HP: 36/36 MP: 4/4
  1775 | D:3      | 1775 ||| FLEEEEING.
  1776 | D:3      | 1776 ||| FLEEEEING.
  1777 | D:3      | 1777 ||| FLEEEEING.
  1778 | D:3      | 1778 ||| FLEEEEING.
  1779 | D:3      | 1779 ||| FLEEEEING.
  1780 | D:3      | 1780 ||| FLEEEEING.
  1781 | D:3      | 1781 ||| FLEEEEING.
  1782 | D:3      | 1782 ||| FLEEEEING.
  1783 | D:3      | 1783 ||| FLEEEEING.
  1784 | D:3      | 1784 ||| FLEEEEING.
  1785 | D:3      | 1785 ||| FLEEEEING.
  1786 | D:3      | 1786 ||| FLEEEEING.
  1787 | D:3      | 1787 ||| FLEEEEING.
  1788 | D:3      | 1788 ||| FLEEEEING.
  1789 | D:3      | 1789 ||| FLEEEEING.
  1790 | D:3      | 1790 ||| FLEEEEING.
  1791 | D:3      | 1791 ||| FLEEEEING.
  1792 | D:3      | 1792 ||| FLEEEEING.
  1793 | D:3      | 1793 ||| FLEEEEING.
  1794 | D:3      | 1794 ||| FLEEEEING.
  1795 | D:3      | 1795 ||| FLEEEEING.
  1796 | D:3      | 1796 ||| FLEEEEING.
  1797 | D:3      | 1797 ||| FLEEEEING.
  1798 | D:3      | 1798 ||| FLEEEEING.
  1799 | D:3      | 1799 ||| FLEEEEING.
  1800 | D:3      | 1800 ||| FLEEEEING.
  1801 | D:3      | 1801 ||| FLEEEEING.
  1802 | D:3      | 1802 ||| FLEEEEING.
  1803 | D:3      | 1803 ||| STAIRDANCE
  1860 | D:2      | 1860 ||| READING 5 scrolls of identify.
  1860 | D:2      | 1860 ||| IDENTIFYING golden potion
  1861 | D:2      | 1861 ||| READING 4 scrolls of identify.
  1861 | D:2      | 1861 ||| IDENTIFYING fizzy orange potion
  1864 | D:3      | 1864 ||| STAIRDANCE
  1868 | D:2      | Reached skill level 5 in Ranged Weapons
  1970 | D:3      | Found a shimmering blue altar of Sif Muna.
  2398 | D:3      | 2398 ||| READING 3 scrolls of identify.
  2398 | D:3      | 2398 ||| IDENTIFYING fizzy golden potion
  2399 | D:3      | 2399 ||| DROPPING potion of lignification.
  2443 | D:4      | Found a white marble altar of Elyvilon.
  2451 | D:4      | Noticed a black bear
  2463 | D:4      | HP: 8/37 [black bear (5)]
  2464 | D:4      | 2464 ||| DRINKING potion of heal wounds.
  2464 | D:4      | Killed a black bear
  2465 | D:4      | Reached XP level 5. HP: 45/47 MP: 5/5
  2532 | D:4      | Identified the +4 sling of the Screaming Mosquito {speed,
                  | SInv}
  2534 | D:4      | 2534 ||| SWAPPING to +4 sling of the Screaming Mosquito
                  | {speed, SInv}.
  2535 | D:4      | 2535 ||| DROPPING +1 sling.
  2566 | D:4      | Identified the +12 rapier "Spiderslayer" {drain, rElec
                  | Dex+3}
  2684 | D:4      | Found a shimmering altar of Xom.
  2695 | D:4      | Reached XP level 6. HP: 45/53 MP: 6/6
  2783 | D:4      | Found a transporter.
  2783 | D:4      | Noticed qw's ghost (novice MiHs)
  2787 | D:4      | Found a transporter.
  2880 | D:4      | Reached skill level 6 in Ranged Weapons
  3066 | D:4      | Found Qism's Distillery.
  3079 | D:4      | 3079 ||| BUYING potion of heal wounds (55 gold).
  3079 | D:4      | Bought a potion of heal wounds for 55 gold pieces
  3079 | D:4      | 3079 ||| BUYING potion of might (44 gold).
  3079 | D:4      | Bought a potion of might for 44 gold pieces
  3079 | D:4      | 3079 ||| BUYING potion of might (44 gold).
  3079 | D:4      | Bought a potion of might for 44 gold pieces
  3079 | D:4      | 3079 ||| SHOPLISTING potion of might (44 gold, have 10).
  3079 | D:4      | 3079 ||| SHOPLISTING potion of resistance (110 gold, have
                  | 10).
  3215 | D:4      | 3215 ||| UPGRADING to amulet of reflection.
  3225 | D:4      | 3225 ||| DROPPING amulet of the acrobat.
  3226 | D:4      | 3226 ||| READING scroll labelled BOPYPL OSUESA.
  3227 | D:4      | 3227 ||| READING scroll labelled JAIMEATSU ZIUXOGGO.
  3228 | D:4      | 3228 ||| READING 4 scrolls of identify.
  3228 | D:4      | 3228 ||| IDENTIFYING amethyst potion
  3276 | D:5      | Entered Level 5 of the Dungeon
  3276 | D:5      | Found Wukkirah's Armour Boutique.
  3281 | D:5      | 3281 ||| SHOPLISTING +0 ring mail (56 gold, have 10).
  3281 | D:5      | 3281 ||| SHOPLISTING +2 cloak (231 gold, have 10).
  3306 | D:5      | Found Teduuh's General Store.
  3311 | D:5      | 3311 ||| SHOPLISTING +1 cloak (115 gold, have 20).
  3311 | D:5      | 3311 ||| BUYING scroll of identify (20 gold).
  3311 | D:5      | Bought a scroll of identify for 20 gold pieces
  3330 | D:5      | Reached skill level 7 in Ranged Weapons
  3359 | D:5      | Noticed a water moccasin
  3374 | D:5      | Killed a water moccasin
  3375 | D:5      | Reached XP level 7. HP: 40/60 MP: 7/7
  3576 | D:5      | Found Biupodgh's Antique Weapon Boutique.
  3591 | D:5      | Found a staircase to the Ecumenical Temple.
  3592 | D:5      | 3592 ||| PLANNING TEMPLE
  3592 | D:5      | 3592 ||| READING scroll labelled BUTEIW DOZIJUN.
  3593 | D:5      | 3593 ||| READING 5 scrolls of identify.
  3593 | D:5      | 3593 ||| IDENTIFYING fuming black potion
  3602 | Temple   | Entered the Ecumenical Temple
  3639 | Temple   | 3639 ||| PLANNING D:1-11
  3652 | D:5      | 3652 ||| Stepping ~*~*~tactically~*~*~ (outnumbered).
  3654 | D:5      | 3654 ||| Stepping ~*~*~tactically~*~*~ (outnumbered).
  3667 | D:5      | 3667 ||| Stepping ~*~*~tactically~*~*~ (outnumbered).
  3679 | D:5      | Reached skill level 8 in Ranged Weapons
  3691 | D:5      | HP: 10/60 [orc/+0 war axe (9)]
  3692 | D:5      | 3692 ||| DRINKING potion of heal wounds.
  3871 | D:5      | Found an iron altar of Okawaru.
  3904 | D:5      | 3904 ||| PLANNING OKAWARU WORSHIP
  3904 | D:5      | 3904 ||| SHOPLISTING scorched arbalest (228 gold, have 92).
  3904 | D:5      | 3904 ||| UPGRADING to +0 ring mail.
  3914 | D:5      | 3914 ||| DROPPING +0 leather armour.
  3915 | D:5      | 3915 ||| READING scroll labelled JIEKAL ASIETOE.
  3976 | D:5      | Became a worshipper of Warmaster Okawaru
  3977 | D:5      | 3977 ||| PLANNING D:1-11
  3996 | D:5      | Found a broken altar of Ashenzari.
  4108 | D:5      | Found Maungafe's Magic Scroll Boutique.
  4112 | D:5      | 4112 ||| BUYING scroll of identify (24 gold).
  4112 | D:5      | Bought a scroll of identify for 24 gold pieces
  4112 | D:5      | 4112 ||| BUYING scroll of identify (24 gold).
  4112 | D:5      | Bought a scroll of identify for 24 gold pieces
  4112 | D:5      | 4112 ||| BUYING scroll of teleportation (36 gold).
  4112 | D:5      | Bought a scroll of teleportation for 36 gold pieces
  4112 | D:5      | 4112 ||| SHOPLISTING scroll of teleportation (36 gold, have
                  | 8).
  4201 | D:5      | Found Qoup's Book Emporium.
  4312 | D:6      | 4312 ||| FLEEEEING.
  4642 | D:7      | Noticed Maggie
  4645 | D:7      | 4645 ||| STAIRDANCE
  4790 | D:7      | 4790 ||| STAIRDANCE
  5023 | D:7      | Reached * piety under Okawaru
  5127 | D:7      | Reached XP level 8. HP: 54/68 MP: 8/8
  5287 | D:7      | Found a shadowy altar of Dithmenos.
  5291 | D:7      | Found a bloodstained altar of Trog.
  5300 | D:7      | 5300 ||| INVOKING Heroism.
  5340 | D:7      | Reached skill level 9 in Ranged Weapons
  5472 | D:7      | 5472 ||| INVOKING Heroism.
  5484 | D:7      | Reached skill level 3 in Dodging
  5517 | D:7      | Reached skill level 1 in Invocations
  5522 | D:7      | 5522 ||| INVOKING Heroism.
  5690 | D:7      | Reached skill level 6 in Fighting
  5690 | D:7      | 5690 ||| INVOKING Heroism.
  5693 | D:7      | Reached skill level 3 in Invocations
  5853 | D:7      | Reached ** piety under Okawaru
  6259 | D:7      | Killed Maggie
  6260 | D:7      | Reached skill level 10 in Ranged Weapons
  6260 | D:7      | Reached XP level 9. HP: 75/75 MP: 11/11
  6624 | D:7      | 6624 ||| UPGRADING to +0 swamp dragon scales.
  6634 | D:7      | 6634 ||| DROPPING +0 ring mail.
  6635 | D:7      | 6635 ||| READING scroll labelled KUYTHU TOTUEME.
  6697 | D:8      | 6697 ||| PLANNING OSSUARY
  6701 | D:8      | Reached skill level 3 in Armour
  6850 | D:8      | 6850 ||| INVOKING Heroism.
  6888 | D:8      | 6888 ||| INVOKING Heroism.
  7018 | D:8      | 7018 ||| FLEEEEING.
  7019 | D:8      | 7019 ||| FLEEEEING.
  7020 | D:8      | 7020 ||| FLEEEEING.
  7021 | D:8      | 7021 ||| FLEEEEING.
  7022 | D:8      | 7022 ||| FLEEEEING.
  7024 | D:8      | 7024 ||| FLEEEEING.
  7025 | D:8      | 7025 ||| FLEEEEING.
  7025 | D:8      | HP: 17/79 [acid dragon/splash of acid (21)]
  7026 | D:8      | 7026 ||| READING scroll of teleportation.
  7027 | D:8      | 7027 ||| DRINKING potion of heal wounds.
  7028 | D:8      | 7028 ||| FLEEEEING.
  7247 | D:8      | Found a runed translucent gate.
  7247 | D:8      | Found a runed translucent gate.
  7247 | D:8      | Noticed a spectral unseen horror
  7248 | D:8      | Found a runed translucent gate.
  7254 | D:8      | Noticed qw's ghost (novice MiHs)
  7371 | D:8      | Reached skill level 11 in Ranged Weapons
  7392 | D:8      | Noticed Prince Ribbit
  7393 | D:8      | 7393 ||| INVOKING Heroism.
  7402 | D:8      | Killed Prince Ribbit
  7436 | D:8      | Found a glowing golden altar of the Shining One.
  7479 | D:8      | Found a basalt altar of Yredelemnul.
  7485 | D:8      | 7485 ||| SWAPPING to +0 orcbow of flaming.
  7486 | D:8      | 7486 ||| DROPPING +4 sling of the Screaming Mosquito
                  | {speed, SInv}.
  7606 | D:8      | 7606 ||| Stepping ~*~*~tactically~*~*~ (outnumbered).
  7751 | D:8      | 7751 ||| RIP OSSUARY
  7751 | D:8      | 7751 ||| PLANNING D:1-11
  7768 | D:8      | Reached skill level 12 in Ranged Weapons
  7940 | D:8      | 7940 ||| READING scroll labelled QANWEH INLURCH.
  7970 | D:9      | 7970 ||| INVOKING Heroism.
  7986 | D:9      | Reached *** piety under Okawaru
  7987 | D:9      | Noticed a troll
  7995 | D:9      | Killed a troll
  7998 | D:9      | 7998 ||| STAIRDANCE
  8000 | D:8      | 8000 ||| INVOKING Heroism.
  8207 | D:9      | 8207 ||| STAIRDANCE
  8360 | D:9      | 8360 ||| STAIRDANCE
  8480 | D:9      | 8480 ||| STAIRDANCE
  8480 | D:9      | HP: 14/81 [electric eel/bolt of electricity (7)]
  8480 | D:9      | HP: 5/81 [electric eel/bolt of electricity (9)]
  8793 | D:9      | Reached XP level 10. HP: 88/88 MP: 12/12
  8798 | D:9      | 8798 ||| STAIRDANCE
  8972 | D:9      | 8972 ||| STAIRDANCE
  8975 | D:8      | 8975 ||| INVOKING Heroism.
  9213 | D:9      | Found a hazy altar of Hepliaklqana.
  9532 | D:9      | 9532 ||| INVOKING Heroism.
  9546 | D:9      | 9546 ||| DROPPING +0 leather armour of cold resistance.
  9740 | D:9      | 9740 ||| INVOKING Heroism.
 10219 | D:9      | Found a staircase to the Lair.
 10263 | D:9      | 10263 ||| PLANNING LAIR
 10263 | D:9      | 10263 ||| READING 2 scrolls labelled JATWUATSOD.
 10264 | D:9      | 10264 ||| READING scroll labelled DUGHIRPH FICUDE.
 10265 | D:9      | 10265 ||| DROPPING scroll of vulnerability.
 10530 | D:9      | 10530 ||| Stepping randomly (stuck).
 10543 | Lair:1   | Entered Level 1 of the Lair of Beasts
 10544 | Lair:1   | 10544 ||| INVOKING Heroism.
 10550 | Lair:1   | Reached skill level 13 in Ranged Weapons
 10565 | Lair:1   | Reached skill level 9 in Fighting
 10570 | Lair:1   | 10570 ||| STAIRDANCE
 10572 | D:9      | 10572 ||| INVOKING Heroism.
 10689 | Lair:1   | 10689 ||| STAIRDANCE
 10692 | D:9      | 10692 ||| INVOKING Heroism.
 10865 | Lair:1   | 10865 ||| STAIRDANCE
 10947 | Lair:1   | 10947 ||| STAIRDANCE
 10949 | D:9      | 10949 ||| INVOKING Heroism.
 10958 | D:9      | HP: 22/91 [yak (1)]
 10959 | D:9      | 10959 ||| READING scroll of teleportation.
 10961 | D:9      | HP: 4/91 [yak (8)]
 10963 | D:9      | Reached skill level 14 in Ranged Weapons
 11273 | Lair:1   | Noticed an elephant
 11273 | Lair:1   | Noticed an elephant
 11273 | Lair:1   | Noticed an elephant
 11283 | Lair:1   | Killed an elephant
 11283 | Lair:1   | Reached **** piety under Okawaru
 11284 | Lair:1   | Reached skill level 6 in Dodging
 11289 | Lair:1   | 11289 ||| INVOKING Heroism.
 11291 | Lair:1   | Killed an elephant
 11291 | Lair:1   | HP: 16/91 [elephant (12)]
 11292 | Lair:1   | 11292 ||| DRINKING potion of heal wounds.
 11297 | Lair:1   | Killed an elephant
 11298 | Lair:1   | Reached XP level 11. HP: 30/97 MP: 11/13
 11502 | Lair:1   | 11502 ||| INVOKING Heroism.
 11527 | Lair:1   | Noticed Harold
 11528 | Lair:1   | 11528 ||| INVOKING Heroism.
 11541 | Lair:1   | Killed Harold
 11557 | Lair:1   | Reached skill level 6 in Invocations
 11558 | Lair:1   | 11558 ||| INVOKING Heroism.
 11561 | Lair:1   | HP: 19/99 [elephant (10)]
 11561 | Lair:1   | Slain by a yak

Levels and vault maps discovered:
D:1:      giann_wishing_wells, layout_loops_ring
D:2:      layout_loops_ring, minmay_door_square, minmay_box_of_dots
D:3:      layout_basic, nicolae_sif_muna_condensation,
          nicolae_overflow_crystal_walls
D:4:      layout_cave_pods, mainiacjoe_overflow_24_doors, led_xom_imps,
          gammafunk_ghost_mausoleum, serial_shops, shop
D:5:      layout_rooms, lemuel_doored_altar, general_overflow_altar,
          minmay_temple_entry_junction, serial_demonic, serial_demonic_c,
          serial_demonic_g, serial_demonic_a, serial_demonic_e, serial_shops,
          nicolae_shop_rolling_square, nicolae_stop_n_shop_1,
          nicolae_shop_peninsula, nicolae_shop_real_fake_doors,
          nicolae_shop_crystal
D:6:      layout_cave_pools
D:7:      layout_loops_corners, lemuel_crystal_altar, trog_three_pillars_becter,
          uniq_maggie
D:8:      layout_basic, mainiacjoe_overflow_surrounded_room,
          nicolae_tso_carved_into_rock, enter_bailey_5,
          gup_ossuary_entry_pyramid, gammafunk_ghost_necromancy,
          uniq_prince_ribbit1
D:9:      layout_long_grid, mainiacjoe_overflow_small_starburst,
          erik_lair_island
Temple:   nicolae_temple_ecumenical_triangle
Lair:1:   layout_gridlike, enter_volcano_3, kennysheep_snail_temple,
          lemuel_fruit_fields, grunt_megastairs_5, serial_bayou_shore_a,
          uniq_harold

Skill      XL: |  1  2  3  4  5  6  7  8  9 10 11 |
---------------+----------------------------------+-----
Ranged Weapons | 3 4 5 7 8 10 12 14 | 14.5
Fighting       | 2 4 5 6 8 9 10 | 10.0
Armour         | 2 4 |  4.2
Dodging        | 3 4 6 |  6.1
Invocations    | 4 6 |  6.0
Spellcasting   | |  1.0
Hexes          | |  2.0

Action                     |  1- 3 |  4- 6 |  7- 9 | 10-12 || total
---------------------------+-------+-------+-------+-------++-------
   Fire: Sling             |   141 |   150 |   307 |       ||   598
         Orcbow            |       |       |    74 |   212 ||   286
 Invoke: Heroism           |       |       |     9 |    11 ||    20
    Use: Scroll            |     4 |     6 |     6 |     3 ||    19
         Potion            |     2 |     1 |     2 |     1 ||     6
 Armour: Robe              |     4 |       |       |       ||     4
         Leather armour    |     1 |    12 |     3 |       ||    16
         Ring mail         |       |       |    11 |       ||    11
         Swamp dragon scal |       |       |     2 |    47 ||    49
  Dodge: Dodged            |    35 |    43 |    80 |   124 ||   282
  Block: Other             |       |     1 |    31 |    35 ||    67
         Reflection        |       |       |     7 |     3 ||    10

Table legend:
 A = Non-vault XP
 B = Vault XP
 C = Vault XP percentage of total XP
 D = Non-vault monster count
 E = Vault monster count
 F = Vault count percentage of total count
                 A         B        C        D         E       F
            +---------+---------+-------+---------+---------+-------
      Total |   11670 |    3085 |  20.9 |     194 |      31 |  13.8
            +---------+---------+-------+---------+---------+-------
        D:1 |      43 |       0 |   0.0 |      27 |       0 |   0.0
        D:2 |      41 |       5 |  10.9 |      19 |       3 |  13.6
        D:3 |      74 |       0 |   0.0 |      13 |       0 |   0.0
        D:4 |     256 |     194 |  43.1 |      18 |       4 |  18.2
        D:5 |     452 |      57 |  11.2 |      14 |       6 |  30.0
        D:6 |     218 |       0 |   0.0 |       4 |       0 |   0.0
        D:7 |    1405 |     398 |  22.1 |      23 |       1 |   4.2
        D:8 |    1546 |     349 |  18.4 |      27 |       7 |  20.6
        D:9 |    2582 |     788 |  23.4 |      26 |       7 |  21.2
     Lair:1 |    5053 |    1294 |  20.4 |      23 |       3 |  11.5
            +---------+---------+-------+---------+---------+-------
